 Dungeon Crawl Stone Soup version 0.18-a0-1799-g6250cb2 (webtiles) character file.

59 Arkorax the Skirmisher (level 4, -6/38 HPs)
             Began as a Formicid Fighter on Apr 23, 2016.
             Mangled by an orc warrior
             ... wielding a +0 trident
              (17 damage)
             ... on level 15 of the Dungeon.
             The game lasted 00:01:48 (308 turns).

Arkorax the Skirmisher (Formicid Fighter)            Turns: 308, Time: 00:01:48

Health: -6/38      AC:  7    Str: 26    XL:     4   Next: 22%
Magic:  4/4        EV:  9    Int:  8    God:
Gold:   0          SH: 10    Dex: 10    Spells: 0 memorised, 3 levels left

rFire  . . .     SeeInvis +     a - +0 quarterstaff
rCold  + . .     Gourm    .     i - +2 ring mail {rC+}
rNeg   . . .     Faith    .     c - +0 shield
rPois  .         Spirit   .     (helmet unavailable)
rElec  .         Dismiss  .     (no cloak)
rCorr  .         Reflect  .     (no gloves)
SustAt .         Harm     .     (no boots)
MR     .....                    (no amulet)
Stlth  ..........               (no ring)
                                (no ring)

@: mighty, not resistant to hostile enchantments, extremely unstealthy
A: permanent stasis, dig shafts and tunnels, four strong arms, antennae 3
a: Dig, Shaft Self


You were on level 15 of the Dungeon.
You were not hungry.

You visited 1 branch of the dungeon, and saw 9 of its levels.

Inventory:

Hand Weapons
 a - a +0 quarterstaff (weapon)
Armour
 b - a +0 scale mail
 c - a +0 shield (worn)
 i - a +2 ring mail of cold resistance (worn)
Scrolls
 e - a scroll of recharging
 g - 2 scrolls of identify
Comestibles
 h - 3 fruits
 k - a bread ration


   Skills:
 * Level 4.3 Fighting
 * Level 2.8 Staves
 - Level 3.2 Armour
 + Level 4.1 Shields


You had 3 spell levels left.
You didn't know any spells.

Dungeon Overview and Level Annotations

Branches:
Dungeon (1/15)

Altars:
The Shining One

Annotations:
D:5 Pikel


Innate Abilities, Weirdness & Mutations

You are under a permanent stasis effect.
You can dig through walls and to a lower floor.
Your four strong arms can wield two-handed weapons with a shield.
You have a pair of large antennae on your head (SInv).


Message History

You have reached level 4!
You feel clever.
An orc warrior comes into view. It is wielding a trident.
You see here a scroll labeled UMAEHO LEGH.
The orc warrior hits you with a trident!
Your shield prevents you from hitting the orc warrior.
The orc warrior barely misses you.
You hit the orc warrior.
The orc warrior is lightly wounded.
You block the orc warrior's attack.
The orc warrior hits you with a trident!
* * * LOW HITPOINT WARNING * * *
You are too injured to fight recklessly!
You are too injured to fight recklessly!
Drink which item? (? for menu, Esc to quit)
You feel very mighty all of a sudden.
You sock the orc warrior!
The orc warrior is heavily wounded.
The orc warrior hits you with a trident!
You die...

..## #..## #..# ###
#..## #..# ##..###..#
#....#..# #.##.#.# ###
# #####.##...# ...# #
#........)######...#
###.........)........#
...............?@o...#
###........###...#...#
.........####..### ###
###.[#.### #.##
..<.#.# ... .###...
...# ........ .. ....


You could see an orc warrior.

Vanquished Creatures
  An orc priest (D:15)
  An orc wizard (D:15)
  A giant cockroach (D:1)
  2 goblins (D:1)
  A hobgoblin (D:1)
  A rat (D:1)
7 creatures vanquished.

Notes
Turn   | Place    | Note
--------------------------------------------------------------
     0 | D:1      | Arkorax the Formicid Fighter began the quest for the Orb.
     0 | D:1      | Reached XP level 1. HP: 18/18 MP: 1/1
    79 | D:1      | Reached XP level 2. HP: 22/24 MP: 2/2
    82 | D:1      | You fall through a shaft!
    85 | D:2      | You fall through a shaft!
    88 | D:3      | You fall through a shaft for 2 floors!
    88 | D:5      | Entered Level 5 of the Dungeon
    88 | D:5      | Noticed a slave
    88 | D:5      | Noticed a slave
    90 | D:5      | Noticed Pikel
    91 | D:5      | You fall through a shaft for 3 floors!
    94 | D:8      | You fall through a shaft!
    94 | D:9      | Noticed a giant frog
    94 | D:9      | Noticed a water moccasin
    97 | D:9      | You fall through a shaft!
    97 | D:10     | Entered Level 10 of the Dungeon
    97 | D:10     | Noticed a yak
    97 | D:10     | Noticed a yak
    97 | D:10     | Noticed a yak
    97 | D:10     | Noticed a yak
   100 | D:10     | Noticed a hippogriff
   100 | D:10     | You fall through a shaft for 3 floors!
   100 | D:13     | Noticed a yak
   100 | D:13     | Noticed a yak
   100 | D:13     | Noticed a yak
   100 | D:13     | Noticed a brown ugly thing
   103 | D:13     | You fall through a shaft for 2 floors!
   103 | D:15     | Entered Level 15 of the Dungeon
   103 | D:15     | Found a glowing golden altar of the Shining One.
   292 | D:15     | Reached XP level 3. HP: 30/30 MP: 3/3
   298 | D:15     | Reached XP level 4. HP: 37/38 MP: 4/4
   301 | D:15     | Noticed an orc warrior
   308 | D:15     | Mangled by an orc warrior

Vault maps used:
D:1:      tarquinn_simple_flora_water_d
D:2:      uniq_jessica, uniq_sigmund, uniq_natasha, uniq_crazy_yiuf_cottage
D:3:      nemelex_deck, minitemple, first_bread
D:5:      lemuel_ratsnest, grunt_temple_overflow_open, temple_hall_moat,
          moated_statue, uniq_pikel
D:8:      nicolae_overflow_crystal_walls, lair_0_dummy
D:9:      kennysheep_little_box, basic_altar, hangedman_little_slice_of_home,
          uniq_psyche
D:10:     david_orc_2, minmay_misc_feat_cross
D:13:     fedhas_bush_and_centaur_altar
D:15:     grunt_enter_depths_magical_seal, tso_metal_star, nrook_uturn,
          uniq_urug

Skill      XL: |  1  2 |
---------------+-------+-----
Fighting       | 4 |  4.3
Shields        | 4 |  4.1
Staves         | |  2.8
Armour         | |  3.2

Action                   |  1- 3 |  4- 6 || total
-------------------------+-------+-------++-------
Melee: Quarterstaff      |    25 |     3 ||    28
 Abil: Shaft Self        |     8 |       ||     8
  Use: Scroll            |     3 |       ||     3
       Potion            |       |     1 ||     1
  Eat: Bread ration      |     1 |       ||     1
Armor: Scale mail        |     5 |       ||     5
       Ring mail         |     2 |       ||     2
Dodge: Dodged            |     4 |     1 ||     5
Block: Shield            |    14 |     1 ||    15
